 Dungeon Crawl Stone Soup version 0.25-b1-46-gb8a1ec05df (webtiles) character file.

Game seed: 8819385110614233773

3606 Curus the Spear-Bearer (level 9, -8/78 HPs)
             Began as a Minotaur Gladiator on June 11, 2020.
             Was an Elder of Okawaru.
             Mangled by Joseph
             ... wielding a +2 quarterstaff of protection
              (12 damage)
             ... on level 8 of the Dungeon.
             The game lasted 00:43:28 (9457 turns).

Curus the Spear-Bearer (Minotaur Gladiator)         Turns: 9457, Time: 00:43:28

Health: -8/78      AC:  4    Str: 19    XL:     9   Next: 86%
Magic:  8/8        EV: 15    Int:  7    God:    Okawaru [****..]
Gold:   0          SH:  0    Dex: 13    Spells: 8/8 levels left

rFire    + . .     SeeInvis .   a - +2 trident
rCold    + . .     Gourm    .   (no shield)
rNeg     . . .     Faith    .   e - +3 leather armour {MR+}
rPois    .         Spirit   .   c - +2 hat
rElec    .         Reflect  .   (no cloak)
rCorr    .         Harm     .   (no gloves)
MR       +....                  (no boots)
Stlth    +.........             (no amulet)
HPRegen  0.23/turn              h - ring of protection from fire
MPRegen  0.11/turn              t - ring of protection from cold

@: about to teleport, corroded
A: retaliatory headbutt, horns 2
a: Heroism, Renounce Religion


You were on level 8 of the Dungeon.
You worshipped Okawaru.
Okawaru was greatly pleased with you.
You were not hungry.

You visited 1 branch of the dungeon, and saw 8 of its levels.

You collected 159 gold pieces.
You spent 159 gold pieces at shops.

Inventory:

Hand Weapons
 a - a +2 trident (weapon)
 l - a +0 club
Missiles
 d - a throwing net (quivered)
Armour
 b - a +0 leather armour
 c - a +2 hat (worn)
 e - a +3 leather armour of magic resistance (worn)
 m - a +3 leather armour of cold resistance
Jewellery
 h - a ring of protection from fire (left hand)
 t - a ring of protection from cold (right hand)
Wands
 j - a wand of iceblast (15)
Scrolls
 g - 6 scrolls of identify
 i - a scroll of fog
 k - a scroll of amnesia
 p - a scroll of remove curse
 q - a scroll of magic mapping
 r - 2 scrolls of teleportation
 x - a scroll of enchant armour
Potions
 n - a potion of stabbing
 s - a potion of haste
 u - a potion of curing
Comestibles
 f - 7 rations


   Skills:
 + Level 6.7 Fighting
 - Level 14.1 Polearms
 - Level 2.0 Throwing
 + Level 6.6 Dodging


You had 8 spell levels left.
You didn't know any spells.
Your spell library was empty.

Dungeon Overview and Level Annotations

Branches:
Dungeon (8/15)             Temple (0/1) D:7
   Lair: D:8-11

Altars:
Okawaru
Ru
Trog
Uskayaw
Vehumet
Xom
Zin

Shops:
D:4 ?   D:5 ?   D:7 (

Annotations:
D:8 Joseph, Maurice


Innate Abilities, Weirdness & Mutations

You reflexively headbutt those who attack you in melee.
You have a pair of horns on your head.


Message History

Joseph hits you with a +2 quarterstaff of protection!
* * * LOW HITPOINT WARNING * * *
You fail to use your ability.
You feel sick.
Joseph hits you with a +2 quarterstaff of protection.
* * * LOW HITPOINT WARNING * * *
Okay, then.
Unknown command.
You barely miss something. You hit something. Something hits you.
* * * LOW HITPOINT WARNING * * *
Something steals 1 of your 2 potions of stabbing!
Joseph hits you but does no damage.
You feel better. Something hits you.
* * * LOW HITPOINT WARNING * * *
Something steals your uncursed amulet of inaccuracy!
Joseph closely misses you.
As you read the scroll of teleportation, it crumbles to dust.
You feel strangely unstable. Something hits you but does no damage.
Joseph hits you with a +2 quarterstaff of protection!
You die...

### .. .. ###. ....
#.'...... #{#...... #@#.....
#####@#... #<..#)#.######
#####'##.>..@....
#............###
####............#.+ .......
#...............#.#........
##.....####.(............@..
#...∩..# ##.####.####.......


You could see Joseph.

Vanquished Creatures
  A hippogriff (D:7)
  Prince Ribbit (D:8)
  Sigmund (D:3)
  A yak (D:8)
  Edmund (D:5)
  An ice beast (D:7)
  2 orc warriors (D:7)
  2 sky beasts (D:7)
  2 phantoms
  2 ogres
  2 centaurs
  A big kobold (D:8)
  4 bullfrogs
  2 scorpions
  5 killer bees
  A howler monkey (D:5)
  3 crimson imps
  A quasit (D:6)
  An orc priest (D:5)
  2 jellies (D:8)
  5 hounds
  A bullfrog skeleton (D:7)
  4 orc wizards
  Jessica (D:3)
  Ijyb (D:3)
  Terence (D:3)
  An iguana (D:5)
  8 worker ants
  A hound zombie (D:5)
  2 hound skeletons (D:4)
  A howler monkey zombie (D:5)
  A worker ant zombie (D:6)
  Robin (D:2)
  7 adders
  2 gnolls (D:4)
  2 shadow imps
  A white imp (D:8)
  2 oozes
  An ufetubus (D:8)
  An adder skeleton (D:7)
  5 worms
  2 dart slugs
  2 leopard geckos
  33 orcs
  6 ball pythons
  3 giant cockroaches
  15 goblins
  15 hobgoblins
  13 jackals
  10 quokkas
  9 bats
  8 frilled lizards
  A jackal skeleton (D:4)
  9 kobolds
  6 rats
  A plant (D:4)
218 creatures vanquished.

Vanquished Creatures (others)
  An orc (D:8)
1 creature vanquished.

Grand Total: 219 creatures vanquished

Notes
Turn   | Place    | Note
-------+----------+-------------------------------------------
     0 | D:1      | Curus the Minotaur Gladiator began the quest for the Orb.
     0 | D:1      | Reached XP level 1. HP: 18/18 MP: 0/0
    34 | D:1      | You fall into a shaft and drop 1 floor!
    40 | D:2      | Reached skill level 4 in Polearms
    40 | D:2      | Reached XP level 2. HP: 17/25 MP: 1/1
   281 | D:1      | Reached skill level 5 in Polearms
   348 | D:1      | Reached XP level 3. HP: 30/30 MP: 2/2
   898 | D:2      | Found an iron altar of Okawaru.
   909 | D:2      | Noticed Robin
   918 | D:2      | Killed Robin
  1114 | D:2      | Became a worshipper of Warmaster Okawaru
  1128 | D:2      | Reached XP level 4. HP: 37/37 MP: 3/3
  1132 | D:2      | Reached skill level 6 in Polearms
  1433 | D:2      | Found a radiant altar of Vehumet.
  1927 | D:3      | Reached XP level 5. HP: 25/42 MP: 4/4
  2077 | D:3      | Reached skill level 7 in Polearms
  2225 | D:3      | Noticed Jessica
  2236 | D:3      | Killed Jessica
  2277 | D:3      | Found a faded altar of an unknown god.
  2436 | D:3      | Found a shimmering altar of Xom.
  2457 | D:3      | Noticed Ijyb
  2458 | D:3      | Noticed Sigmund
  2735 | D:3      | Killed Ijyb
  2749 | D:3      | HP: 1/42 [something (8)]
  3081 | D:3      | Noticed Terence
  3096 | D:3      | Killed Terence
  3096 | D:3      | Reached skill level 8 in Polearms
  3147 | D:3      | Killed Sigmund
  3147 | D:3      | Reached * piety under Okawaru
  3147 | D:3      | Reached skill level 9 in Polearms
  3147 | D:3      | Reached XP level 6. HP: 46/50 MP: 5/5
  3265 | D:3      | Found a sacrificial altar of Ru.
  3561 | D:4      | Found Enlyuly's Magic Scroll Boutique.
  3581 | D:4      | Reached XP level 7. HP: 18/56 MP: 6/6
  3913 | D:4      | Bought a scroll of fog for 26 gold pieces
  3913 | D:4      | Bought a scroll of enchant armour for 97 gold pieces
  4188 | D:4      | Reached skill level 10 in Polearms
  4228 | D:4      | Found a glowing silver altar of Zin.
  5008 | D:5      | Entered Level 5 of the Dungeon
  5285 | D:5      | Noticed Edmund
  5317 | D:5      | Killed Edmund
  5317 | D:5      | Reached ** piety under Okawaru
  5317 | D:5      | Reached skill level 11 in Polearms
  5662 | D:5      | Found Jucar's Magic Scroll Boutique.
  5671 | D:5      | Bought a scroll of teleportation for 36 gold pieces
  5736 | D:5      | Found a glowing drain.
  5755 | D:5      | Reached XP level 8. HP: 48/62 MP: 7/7
  5804 | D:5      | Reached skill level 12 in Polearms
  6687 | D:6      | Reached *** piety under Okawaru
  6687 | D:6      | Reached skill level 13 in Polearms
  7556 | D:7      | Reached XP level 9. HP: 56/68 MP: 8/8
  7725 | D:7      | Reached skill level 14 in Polearms
  7893 | D:7      | Found a bloodstained altar of Trog.
  8059 | D:7      | Found a staircase to the Ecumenical Temple.
  8108 | D:7      | Found Dihu's Weapon Boutique.
  8418 | D:8      | Reached skill level 5 in Dodging
  8512 | D:8      | Noticed a queen bee
  8517 | D:8      | Reached skill level 5 in Fighting
  8751 | D:8      | Found a hide-covered altar of Uskayaw.
  8754 | D:8      | Noticed Prince Ribbit
  8765 | D:8      | Killed Prince Ribbit
  8765 | D:8      | Reached **** piety under Okawaru
  8843 | D:8      | Noticed Maurice
  9431 | D:8      | Noticed Joseph
  9455 | D:8      | HP: 1/78 [something (6)]
  9457 | D:8      | Mangled by Joseph

Illustrated notes

Levels and vault maps discovered:
D:1:      minmay_arrival_arboretum_small, layout_basic, st_stairs_11
D:2:      minmay_wonky_spiral, layout_basic, okawaru_trees_1, vehumet_crystals,
          uniq_robin
D:3:      layout_loops_ring, brannock_xom_greatest_gift,
          chequers_ecumenical_altar_grove, nicolae_ru_the_path_less_chosen,
          uniq_jessica, uniq_ijyb, uniq_sigmund, uniq_terence
D:4:      wad_woods_tower, layout_basic, kennysheep_little_box, serial_shops,
          shop, serial_park_tiny_2
D:5:      layout_loops_corners, cheibrodos_sewer_entry_drain, serial_shops,
          shop, first_ration, uniq_edmund
D:6:      layout_basic
D:7:      layout_loops_ring, kennysheep_mini,
          minmay_temple_entry_statues_fountains, serial_shops,
          nicolae_shop_competitors_out_of_business
D:8:      layout_basic, old_standard_altar, serial_ice, serial_ice_a,
          serial_ice_c, serial_ice_i, serial_ice_h, serial_shops, shop,
          david_nohive_1, grunt_ministairs_2, minmay_misc_feat_five, uniq_pikel,
          uniq_joseph, uniq_maurice, uniq_prince_ribbit1

Skill      XL: |  1  2  3  4  5  6  7  8  9 |
---------------+----------------------------+-----
Polearms       | 4 5 6 9 11 13 14 | 14.1
Fighting       | 6 |  6.7
Dodging        | 6 |  6.6
Throwing       | |  2.0

Action                   |  1- 3 |  4- 6 |  7- 9 || total
-------------------------+-------+-------+-------++-------
Melee: Trident           |    74 |   194 |   563 ||   831
       Headbutt          |     7 |    22 |    71 ||   100
Throw: Throwing net      |       |     1 |     1 ||     2
Invok: Heroism           |       |       |     1 ||     1
  Use: Scroll            |     6 |     6 |     8 ||    20
       Potion            |     1 |     3 |     3 ||     7
 Stab: Sleeping          |       |     1 |       ||     1
  Eat: Chunk             |     1 |     4 |    16 ||    21
       Ration            |       |     1 |     1 ||     2
Armor: Leather armour    |    16 |    30 |   100 ||   146
Dodge: Dodged            |    33 |    88 |   224 ||   345
